Map: Acropolis LE

Players

Smeeeger

  • Race: Zerg Zerg
  • League: Platinum
  • Spawn Location: 5:00

Grrrr - Winner!

  • Race: Protoss Protoss
  • League: Platinum
  • Spawn Location: 11:00

VOD

Have the link to the VOD?

Description

Time

  • Played on: July 12, 2019, 9:07 p.m.
  • Length: 12:24
Show
View Real Time Build Order
Export as new Build Order

Smeeeger Zerg 

Build Orders: Hatch First, Ravager All-In 

Get SALT Encoding   

  12  0:02  Drone  
  13  0:15  Overlord  
  13  0:19  Drone  
  14  0:33  Drone x2  
  16  0:38  Drone  
  17  0:48  Drone  
  18  0:59  Hatchery  
  17  1:10  Spawning Pool  
  16  1:14  Drone  
  16  1:17  Drone  
  18  1:21  Drone  
  19  1:27  Extractor  
  18  1:35  Drone  
  19  2:00  Roach Warren  
  18  2:02  Spine Crawler  
  18  2:05  Drone  
  18  2:06  Drone  
  19  2:16  Queen  
  21  2:27  Drone, Extractor  
  21  2:28  Overlord  
  21  2:47  Drone x2  
  23  2:52  Queen  
  23  2:56  Roach  
  27  3:01  Roach  
  29  3:07  Metabolic Boost  
  29  3:12  Overlord  
  29  3:19  Spore Crawler  
  28  3:23  Roach  
  28  3:25  Overlord  
  30  3:33  Ravager x2  
  32  3:36  Overlord  
  32  3:37  Roach  
  34  3:42  Roach  
  36  3:52  Ravager  
  37  4:00  Roach x2  
  41  4:14  Roach  
  41  4:15  Roach  
  45  4:26  Ravager  
  46  4:34  Drone x2  
  46  4:36  Ravager  
  49  5:04  Ravager  
  49  5:05  Ravager  
  51  5:21  Ravager  
  52  5:33  Overlord x3  
  52  5:36  Lair  
  52  5:54  Roach  
  46  6:03  Roach x4  
  54  6:13  Roach x3  
  60  6:23  Roach x2  
  60  6:24  Hatchery  
  58  6:45  Ravager  
  58  6:47  Roach x2, Overlord  
  61  6:48  Overlord  
  61  6:53  Evolution Chamber  
  60  7:00  Roach  
  62  7:07  Ravager  
  50  7:42  Roach x3  
  42  7:58  Roach x3  
  48  8:00  Zerg Missile Weapons Level 1  
  46  8:10  Ravager  
  44  8:14  Roach x2  
  46  8:25  Roach x2  
  46  8:34  Zergling x2  
  46  8:35  Zergling x4  
  46  8:38  Ravager  
  50  8:50  Ravager  
  50  8:53  Zergling x8  
  55  9:02  Overseer  
  54  9:04  Spine Crawler  
  46  9:20  Roach  
  46  9:21  Roach x3  
  44  9:40  Roach x3  
  44  9:41  Roach  
  44  9:45  Roach  
  46  10:03  Ravager  
  46  10:06  Zergling x10  
  53  10:07  Zergling x2  
  47  10:16  Roach x2  
  47  10:19  Ravager  
  52  10:23  Zergling x4  
  46  10:44  Roach  
  46  10:45  Roach x3  
  53  11:01  Ravager  
  47  11:11  Zergling x4  
  47  11:12  Zergling x6  
  48  11:39  Baneling Nest  
  44  11:40  Roach x2  
  46  11:47  Roach  
Show
View Real Time Build Order
Export as new Build Order

Grrrr Protoss - Winner!

Build Orders:  

Get SALT Encoding   

  1  0:00  Probe  
  12  0:06  Probe  
  14  0:19  Pylon  
  14  0:21  Probe  
  15  0:37  Probe  
  15  0:38  Forge  
  16  0:49  Probe  
  17  0:59  Pylon  
  17  1:21  Photon Cannon  
  17  1:22  Photon Cannon  
  17  1:24  Probe  
  18  1:31  Gateway  
  18  1:33  Probe  
  18  1:37  Assimilator  
  19  1:41  Probe  
  20  2:10  Probe, Assimilator  
  21  2:22  Probe  
  22  2:24  Cybernetics Core  
  22  2:34  Probe  
  23  2:46  Probe  
  23  2:50  Pylon  
  25  2:58  Probe  
  25  3:03  Robotics Facility  
  25  3:07  Warp Gate  
  25  3:08  Adept  
  27  3:14  Pylon  
  27  3:27  Photon Cannon  
  27  3:36  Shield Battery  
  27  3:37  Shield Battery  
  27  3:39  Immortal  
  27  3:49  Shield Battery  
  31  3:55  Shield Battery  
  31  4:15  Shield Battery  
  31  4:30  Shield Battery  
  31  4:34  Pylon  
  31  4:37  Pylon  
  31  4:44  Immortal  
  35  4:56  Pylon  
  35  5:02  Shield Battery  
  35  5:18  Gateway  
  35  5:20  Observer  
  35  5:21  Shield Battery  
  35  5:22  Shield Battery  
  35  5:24  Shield Battery  
  36  5:34  Pylon  
  36  5:35  Immortal  
  37  6:01  Pylon  
  37  6:16  Immortal  
  37  6:21  Pylon  
  39  6:48  Observer  
  39  6:49  Shield Battery x2  
  39  6:55  Photon Cannon  
  40  7:07  Shield Battery  
  40  7:09  Warp Prism  
  40  7:13  Shield Battery  
  42  7:35  Immortal  
  42  7:36  Observer  
  46  7:54  Shield Battery  
  46  7:56  Shield Battery  
  46  7:57  Pylon  
  46  8:19  Immortal  
  50  8:48  Observer  
  50  9:03  Shield Battery  
  50  9:05  Shield Battery  
  50  9:11  Immortal  
  44  9:51  Immortal  
  48  10:06  Nexus  
  48  10:26  Shield Battery  
  48  10:28  Shield Battery  
  47  10:58  Immortal  
  51  11:33  Immortal  
  55  11:53  Probe  
  56  12:05  Probe  
Tags
 
Add a new tag
Caveats
  • Supply blocks, unpowered buildings, or Contaminate may cause inaccurate times.
  • Supply counts are checked every 10 seconds.